 Dungeon Crawl Stone Soup version 0.21-a0-528-gf531e82 (webtiles) character file.

80 Firecrotchwizard the Ruffian (level 4, -4/44 HPs)
             Began as a Troll Monk on Dec 8, 2017.
             Slain by an iguana (6 damage)
             ... on level 2 of the Dungeon.
             The game lasted 00:02:57 (951 turns).

Firecrotchwizard the Ruffian (Troll Monk)            Turns: 951, Time: 00:02:58

Health: -4/44      AC:  6    Str: 19    XL:     4   Next: 18%
Magic:  3/3        EV: 10    Int:  6    God:
Gold:   60         SH:  0    Dex: 13    Spells: 3/3 levels left

rFire    . . .     SeeInvis .     - Unarmed
rCold    . . .     Gourm    +   (no shield)
rNeg     + . .     Faith    +   a - +0 robe
rPois    .         Spirit   .   (helmet restricted)
rElec    .         Reflect  .   e - +0 cloak (curse)
rCorr    .         Harm     .   (gloves unavailable)
MR       .....                  (boots unavailable)
Stlth    ++........             d - amulet of faith {Faith, !P}
HPRegen  0.54/turn              l - ring of flight {+Fly, !d}
MPRegen  0.08/turn              j - ring of positive energy {rN+}

@: lethally poisoned (-4 -> -4)
A: large, unfitting armour, claws 3, fast metabolism 3, gourmand, regeneration
1, shaggy fur 1, tough skin 2
a: Evoke Flight


You were on level 2 of the Dungeon.
You were completely stuffed.

You visited 1 branch of the dungeon, and saw 2 of its levels.

You collected 60 gold pieces.

Inventory:

Missiles
 p - 7 curare-tipped needles
Armour
 a - a +0 robe (worn)
 e - a cursed +0 cloak (worn)
   (You found it on level 1 of the Dungeon)
Jewellery
 d - an amulet of faith (around neck) {Faith, !P}
   (You found it on level 1 of the Dungeon)
 j - a ring of positive energy (right claw) {rN+}
   (You found it on level 1 of the Dungeon)
 l - a ring of flight (left claw) {+Fly, !d}
   (You found it on level 1 of the Dungeon)
Scrolls
 f - 2 scrolls of teleportation {unknown}
 h - 2 scrolls of enchant weapon {unknown}
 i - a scroll of magic mapping {unknown}
 k - 2 scrolls of identify {unknown}
 m - a scroll of fear {unknown}
Potions
 n - a potion of might {unknown}
 o - a potion of lignification {unknown}
Comestibles
 b - 3 bread rations {@e1}
 c - 2 meat rations {@e2}
 g - 6 chunks of flesh {@w0}


   Skills:
 - Level 2.4 Fighting
 - Level 2.4 Dodging
 - Level 1.0 Stealth
 * Level 5.1 Unarmed Combat


You had 3 spell levels left.
You didn't know any spells.

Dungeon Overview and Level Annotations

Branches:
Dungeon (2/15)

Altars:
Dithmenos
The Shining One

Annotations:
D:2 Terence


Innate Abilities, Weirdness & Mutations

You are too large for most types of armour.
You have claws for hands.
Your metabolism is lightning-fast.
You like to eat raw meat.
Your natural rate of healing is unusually fast.
You are covered in fur. (AC +1)
You have very tough skin. (AC +2)


Message History

You claw the goblin!
You kill the goblin!
The rat bites you.
You take 2 damage, and have 34/36 hp.
You closely miss the rat. The rat barely misses you.
You closely miss the rat. The rat barely misses you.
You claw the rat!
You kill the rat!
No target in view!
No target in view!
No target in view!
No target in view!
You butcher the rat corpse.
g - 6 chunks of flesh {@w0} (gained 1)
You now have 45 gold pieces (gained 8).
You see here a dagger.
You now have 60 gold pieces (gained 15).
You see here a dagger.
Found a stone staircase leading down.
Health restored: 36 The gnoll hits you with a whip.
A goblin comes into view. It is wielding a dagger of venom.
You take 2 damage, and have 34/36 hp.
The gnoll shouts!
The goblin shouts!
You scratch the gnoll. The gnoll hits you but does no damage.
You claw the gnoll!
You kill the gnoll!
You have reached level 4!
You regained 9 hp, and now have 43/44 hp.
MP restored: 3 A rat comes into view.
Health restored: 44 The gnoll drinks a potion.
The gnoll seems to speed up.
You scratch the gnoll. The gnoll hits you with a spear.
You take 3 damage, and have 41/44 hp.
You claw the gnoll!
You kill the gnoll!
Your Unarmed Combat skill increases to level 5!
The goblin hits you but does no damage.
You are poisoned.
You feel sick.
You feel sick.
You take 1 damage, and have 40/44 hp.
You feel sick. The goblin misses you.
You feel sick.
You see here a dagger.
You feel sick.
Really walk into that teleport trap?
You enter a teleport trap!
The teleport trap disappears.
Your surroundings suddenly seem different.
An iguana, a goblin and Terence come into view.
You feel sick.
The iguana hisses angrily.
You take 1 damage, and have 40/44 hp.
The goblin shouts!
The goblin unwields an uncursed club.
The goblin wields a hunting sling.
The goblin shoots a stone.
The stone hits you.
You see here a stone.
You take 4 damage, and have 36/44 hp.
The goblin shoots a stone.
The stone hits you.
Terence shouts, "Get ready for death!"
You see here a stone.
You take 5 damage, and have 31/44 hp.
You feel sick.
The goblin shoots a stone.
The stone hits you but does no damage.
The goblin shoots a stone.
The stone closely misses you.
The goblin shoots a stone.
The stone hits you.
Terence shouts, "Get ready for death!"
You see here a stone.
You take 2 damage, and have 29/44 hp.
You feel sick.
The goblin unwields an uncursed hunting sling.
The goblin wields an uncursed club.
The goblin hits you but does no damage.
You take 1 damage, and have 28/44 hp.
You barely miss the goblin. Terence hits you with a short sword.
You take 1 damage, and have 27/44 hp.
You scratch Terence but do no damage. The goblin hits you but does no damage.
The iguana barely misses you. Terence hits you with a short sword.
You take 4 damage, and have 23/44 hp.
You claw Terence! The goblin hits you but does no damage.
Terence hits you with a short sword. The iguana bites you!
* * * LOW HITPOINT WARNING * * *
You take 12 damage, and have 11/44 hp.
MASSIVE DAMAGE!!
You scratch Terence but do no damage.
You feel sick.
The goblin hits you with an uncursed club.
* * * LOW HITPOINT WARNING * * *
You take 2 damage, and have 9/44 hp.
You scratch Terence.
Terence drinks a potion.
Terence is healed!
The iguana bites you!
* * * LOW HITPOINT WARNING * * *
The goblin barely misses you.
You take 7 damage, and have 2/44 hp.
You scratch Terence but do no damage. Terence hits you but does no damage.
The iguana bites you.
You die...

# .# .#+##.
##########......
#..(............
#........[......
#.....((........
#...(@.........#
#...@l.........#
#....g.........#
###########....#
#####


You could see Terence, an iguana and a goblin.

Vanquished Creatures
  4 gnolls
  2 dart slugs (D:1)
  A leopard gecko (D:1)
  2 bats
  A giant cockroach (D:2)
  6 goblins
  6 hobgoblins
  4 jackals (D:1)
  3 frilled lizards (D:1)
  4 kobolds (D:1)
  3 rats
36 creatures vanquished.

Notes
Turn   | Place    | Note
-------+----------+-------------------------------------------
     0 | D:1      | Firecrotchwizard the Troll Monk began the quest for the Orb.
     0 | D:1      | Reached XP level 1. HP: 22/22 MP: 0/0
   126 | D:1      | Reached XP level 2. HP: 17/29 MP: 1/1
   174 | D:1      | Reached skill level 4 in Unarmed Combat
   338 | D:1      | Reached XP level 3. HP: 35/36 MP: 2/2
   679 | D:1      | Found a glowing golden altar of the Shining One.
   886 | D:2      | Found a shadowy altar of Dithmenos.
   923 | D:2      | Reached XP level 4. HP: 42/44 MP: 3/3
   930 | D:2      | Reached skill level 5 in Unarmed Combat
   939 | D:2      | Noticed Terence
   948 | D:2      | HP: 11/44 [iguana (11)]
   950 | D:2      | HP: 2/44 [iguana (8)]
   951 | D:2      | Slain by an iguana

Vault maps used:
D:1:      dpeg_arrival_refuge, tso_altar
D:2:      lemuel_doored_altar, grunt_temple_overflow_gold_and_silver,
          minivault_24, st_stairs_13, lemuel_tele_altar, uniq_terence,
          uniq_crazy_yiuf_cottage

Skill      XL: |  1  2  3  4 |
---------------+-------------+-----
Unarmed Combat | 4 5 |  5.1
Fighting       | |  2.4
Dodging        | |  2.4
Stealth        | |  1.0

Action                   |  1- 3 |  4- 6 || total
-------------------------+-------+-------++-------
Melee: Unarmed           |   101 |     8 ||   109
 Stab: Distracted        |     1 |       ||     1
  Eat: Chunk             |    14 |       ||    14
Armor: Robe              |    33 |     4 ||    37
Dodge: Dodged            |    36 |     4 ||    40

Table legend:
 A = Spawn XP
 B = Non-spawn XP
 C = Spawn XP percentage of total XP
 D = Spawn monster count
 E = Non-spawn monster count
 F = Spawn count percentage of total count
 G = Total turns spent on level
                    A         B        C        D         E        F      G
               +---------+---------+-------+---------+---------+-------+---------
         Total |       0 |     115 |   0.0 |       0 |      36 |   0.0 |   951
               +---------+---------+-------+---------+---------+-------+---------
           D:1 |       0 |      64 |   0.0 |       0 |      27 |   0.0 |   789
           D:2 |       0 |      51 |   0.0 |       0 |       9 |   0.0 |   162
               +---------+---------+-------+---------+---------+-------+---------

Vault maps used:
D:1:      dpeg_arrival_refuge, tso_altar
D:2:      lemuel_doored_altar, grunt_temple_overflow_gold_and_silver,
          minivault_24, st_stairs_13, lemuel_tele_altar, uniq_terence,
          uniq_crazy_yiuf_cottage

Table legend:
 A = Turns spent in this place as a percentage of turns spent in the entire game.
 B = Non-inter-level travel turns spent in this place as a percentage of non-inter-level travel turns spent in the entire game.
 C = Inter-level travel turns spent in this place as a percentage of turns spent in this place.
 D = Turns resting spent in this place as a percentage of non-inter-level travel turns spent in this place.
 E = Turns spent auto-exploring this place as a percentage of non-inter-level travel turns spent in this place.
 F = Non-inter-level travel turns spent in this place divided by the number of levels of this place that you've seen.
                   A       B       C       D       E      F
               +-------+-------+-------+-------+-------+----------------------
         Total | 100.0 | 100.0 |   2.1 |   1.6 |  68.0 | 465.5
       Dungeon | 100.0 | 100.0 |   2.1 |   1.6 |  68.0 | 465.5
               +-------+-------+-------+-------+-------+----------------------

Table legend:
 A = Kills in this place as a percentage of kills in entire the game.
 B = Kills by you in this place as a percentage of kills by you in the entire game.
 C = Kills by friends in this place as a percentage of kills by friends in the entire game.
 D = Other kills in this place as a percentage of other kills in the entire game.
 E = Experience gained in this place as a percentage of experience gained in the entire game.
 F = Experience gained in this place divided by the number of levels of this place that you have seen.
                   A       B       C       D       E      F
               +-------+-------+-------+-------+-------+----------------------
         Total | 100.0 | 100.0 |   N/A |   N/A | 100.0 |  57.5
       Dungeon | 100.0 | 100.0 |   N/A |   N/A | 100.0 |  57.5
               +-------+-------+-------+-------+-------+----------------------
